[Event "Early-Titled-Tuesday-Blitz-September-26-2023"]
[Site "Chess.com"]
[Date "2023.09.26"]
[Round "7"]
[White "kroppar"]
[Black "Rital44"]
[Result "1-0"]
[WhiteElo "2407"]
[BlackElo "2521"]
[TimeControl "180+1"]
[EndTime "9:19:49 PDT"]
[Termination "kroppar won by resignation"]

1. e4 c5 2. Nf3 Nc6 3. Bb5 g6 4. Bxc6 dxc6 5. O-O Bg7 6. d3 e5 7. Be3 Qe7 8. a4 Be6 9. Qd2 Rd8 10. Qc3 b6 11. a5 Nf6 12. axb6 axb6 13. Ra6 Rb8 14.
Nxe5 Ng4 15. Nxc6 Qh4 16. Bf4 Bxc3 17. Nxc3 Rc8 18. Na7 Ra8 19. f3 Nf6 20. g3 Qh5 21.
Nab5 Rxa6 22. Nc7+ Kd7 23. Nxa6 Rc8 24. Nb8+ Ke7 25.
Ra1 g5 26. Ra7+ Kf8 27. Bd6+ Kg8 28. g4 Qh3 29. Bg3 h5 30. Nd1 hxg4 31. Nf2 Qh5 32.
e5 Nd5 33. Nd7 Bxd7 34. Rxd7 Nf4 35. fxg4 Qg6 36. Rd6 Qg7 37. Ne4 Qxe5 38. Nf6+ Kf8 39.
Nd7+ Kg8 40. Nxe5 Ne2+ 41. Kf2 Nd4 42. Ke3 Nxc2+ 43. Kd2 Nd4 44. Rxb6 Ra8 45. Rb7 Ra2 46. Rxf7 Rxb2+ 47. Ke1 Nc2+ 48. Ke2 Nb4+ 49. Kd1 Nxd3 50. Rf5 Nb4 51. Rxg5+ Kf8 52. Nf3 c4 53. Rf5+ Ke8 54. Be5 Rb1+ 55. Kd2 Nd5 56. Bd4 Kd7 57. Rxd5+ Kc6 58.
Ra5 1-0

[Event "Early-Titled-Tuesday-Blitz-September-26-2023"]
[Site "Chess.com"]
[Date "2023.09.26"]
[Round "7"]
[White "jcibarra"]
[Black "Krakozia"]
[Result "0-1"]
[WhiteElo "2948"]
[BlackElo "3056"]
[TimeControl "180+1"]
[EndTime "9:19:51 PDT"]
[Termination "Krakozia won on time"]

1. e4 c5 2. Nf3 e6 3. d3 Nc6 4. g3 g6 5. Bg2 Bg7 6. O-O Nf6 7. c3 d6 8. Re1 e5 9. d4 exd4 10.
cxd4 Bg4 11. d5 Ne5 12. Nc3 O-O 13. Bf4 Nfd7 14. h3 Bxf3 15. Bxf3 c4 16. Be2 Rc8 17. Be3 Nc5 18. Bxc5 Rxc5 19. f4 Nd7 20. Kg2 Re8 21. Bf3 Rc8 22. Bg4 h5 23. Bxd7 Qxd7 24. Qf3 b5 25. Rac1 b4 26. Nd1 Qa4 27. a3 a5 28.
axb4 axb4 29. Re2 Rc5 30. Ne3 c3 31. bxc3 bxc3 32. Nc2 Qc4 33. Rce1 Rb5 34. Na3 Qc5 35.
Nxb5 Qxb5 36. e5 dxe5 37. fxe5 Qc5 38. e6 f5 39. Qd3 Qd6 40. e7 h4 41. Re6 Qc5 42. d6 hxg3 43. d7 Qf2+ 0-1

[Event "Early-Titled-Tuesday-Blitz-September-26-2023"]
[Site "Chess.com"]
[Date "2023.09.26"]
[Round "7"]
[White "Kirill_Klukin"]
[Black "karinachess1"]
[Result "1-0"]
[WhiteElo "2723"]
[BlackElo "2605"]
[TimeControl "180+1"]
[EndTime "9:19:52 PDT"]
[Termination "Kirill_Klukin won by resignation"]

1. e4 e5 2. Nf3 Nc6 3. d4 exd4 4.
Nxd4 Bc5 5. Nb3 Bb6 6. Nc3 Nf6 7. Qe2 O-O 8. Bg5 Nd4 9. Qd2 Nxb3 10. axb3 h6 11. Bh4 Re8 12. O-O-O Nxe4 13. Qf4 g5 14.
Nxe4 gxf4 15. Bxd8 Rxd8 16. g3 fxg3 17. hxg3 Kg7 18.
Bc4 d6 19. Rh2 Bf5 20. Bd3 d5 21. Nc5 Bxd3 22. Nxd3 c6 23. Rdh1 Rd6 24. Kd2 Re8 25. Nf4 Bc7 26. Rh4 c5 27. Rg4+ Kh7 28. Rh5 d4 29. Rxc5 Bb6 30. Rd5 Red8 31. Rxd6 Rxd6 32. Kd3 a6 33. Ne2 Rf6 34. Rf4 Kg6 35. Rxf6+ Kxf6 36.
Nxd4 Kg5 37. c3 Kg4 38. Ke4 h5 39. b4 f6 40. b3 Ba7 41. Ke3 Kh3 42. Kf3 h4 43. gxh4 Kxh4 44. Ke4 Kg4 45. f4 Kg3 46. f5 Kg4 47. Ne6 Bf2 48. c4 Be1 49. Nc5 Bxb4 50. Nxb7 Kg5 51. c5 Kh6 52. c6 Kg7 53. c7 Kf7 54. c8=Q 1-0

[Event "Early-Titled-Tuesday-Blitz-September-26-2023"]
[Site "Chess.com"]
[Date "2023.09.26"]
[Round "7"]
[White "skkeyan1309"]
[Black "Cheer_Down"]
[Result "1-0"]
[WhiteElo "2718"]
[BlackElo "2467"]
[TimeControl "180+1"]
[EndTime "9:19:52 PDT"]
[Termination "skkeyan1309 won by resignation"]

1. Nh3 Nc6 2. d4 d5 3. Nf4 Nf6 4. e3 e5 5. dxe5 Nxe5 6. b3 Bd6 7. Bb2 O-O 8. Be2 b6 9. Nd2 Bb7 10. Nf3 Nxf3+ 11. Bxf3 Bxf4 12. exf4 Re8+ 13. Kf1 c5 14. g3 Qd7 15. Kg2 d4 16. Bxb7 Qxb7+ 17. Qf3 Qxf3+ 18. Kxf3 Nd5 19. a3 f5 20. Rhe1 Kf7 21.
Rad1 Rxe1 22. Rxe1 Re8 23. Rd1 h5 24. b4 a5 25. bxc5 bxc5 26. Ba1 Rb8 27. Ke2 h4 28. Kd3 h3 29. Kc4 Nf6 30. f3 Re8 31. Rd2 Re1 32. Bb2 Rb1 33. c3 dxc3 34. Bxc3 Rc1 35. Rd3 Rc2 36. Rd2 Rc1 37. a4 Ke6 38. Kb3 Rg1 39.
Bxa5 Rg2 40. Kc4 Nh5 41. Kxc5 Nxg3 42. Bc3 Nf1 43. Rd1 Nxh2 44. a5 Nxf3 45. a6 h2 46. a7 Ra2 47. Kb6 Ng1 48. Rd2 Rxa7 49. Rxh2 Rd7 50. Rg2 Nf3 51. Bxg7 Nd2 52. Be5 Nc4+ 53. Kc5 Nxe5 54. Re2 Rd5+ 55. Kb4 Kd6 56. fxe5+ Rxe5 57. Rf2 Rd5 58. Kc3 Ke5 59. Kc4 Rd1 60. Kc3 f4 61. Kc2 Rd8 62. Rd2 Kf5 63. Rxd8 1-0

[Event "Early-Titled-Tuesday-Blitz-September-26-2023"]
[Site "Chess.com"]
[Date "2023.09.26"]
[Round "7"]
[White "Zarinur"]
[Black "ElenaPershina"]
[Result "1-0"]
[WhiteElo "2530"]
[BlackElo "2324"]
[TimeControl "180+1"]
[EndTime "9:19:52 PDT"]
[Termination "Zarinur won by checkmate"]

1. e4 c5 2. a3 Nc6 3. Nf3 g6 4. Bc4 Bg7 5. O-O e6 6. Nc3 Nge7 7. d3 O-O 8. h4 d5 9. Ba2 d4 10. Ne2 e5 11. h5 Bg4 12. h6 Bh8 13. Ng3 Qd7 14.
Bg5 b5 15. Re1 Rac8 16. Nf1 Nd8 17. N1h2 c4 18. Nxe5 Bxe5 19. Nxg4 f6 20. Nxe5 fxe5 21. Qe2 Ne6 22. Bxe7 Qxe7 23. dxc4 Nf4 24. Qg4 Kh8 25. g3 Ne6 26. cxb5 Ng5 27. Bb3 Nf3+ 28. Kg2 Nxe1+ 29.
Rxe1 Qf6 30. f3 Rcd8 31. Rd1 Rd6 32. Bd5 Rdd8 33. Bc6 Rd6 34. Bd5 Rdd8 35. Rf1 Rc8 36. Bb3 Rcd8 37. f4 d3 38. c4 d2 39. Bd1 Rd4 40.
Rf3 Rxe4 41. fxe5 Qxf3+ 42. Bxf3 Re1 43. e6 Re8 44. e7 R8xe7 45. Qd4+ Kg8 46. Bd5+ Kf8 47.
Qh8# 1-0

[Event "Early-Titled-Tuesday-Blitz-September-26-2023"]
[Site "Chess.com"]
[Date "2023.09.26"]
[Round "7"]
[White "brm72"]
[Black "KorolDimitriy75"]
[Result "0-1"]
[WhiteElo "2514"]
[BlackElo "2406"]
[TimeControl "180+1"]
[EndTime "9:19:54 PDT"]
[Termination "KorolDimitriy75 won by checkmate"]

1. e4 c5 2. Nf3 d6 3. d4 cxd4 4.
Nxd4 Nf6 5. Nc3 g6 6. f3 Bg7 7. Be3 O-O 8. Bc4 Nc6 9. Qd2 Bd7 10. O-O-O Qa5 11. Kb1 Rfc8 12. Bb3 Ne5 13. Nd5 Qxd2 14.
Nxf6+ Bxf6 15. Rxd2 Nc4 16. Bxc4 Rxc4 17. c3 b5 18. Nc2 a5 19. Bd4 Kg7 20. f4 e5 21.
fxe5 dxe5 22. Bxe5 Bxe5 23. Rxd7 Rxe4 24. Rf1 Rf8 25.
Rd5 b4 26. cxb4 axb4 27. Nxb4 Bxb2 28. Kxb2 Rxb4+ 29. Kc3 Ra4 30. Kb3 Rfa8 31. Rd7 Ra3+ 32. Kb4 R8a4+ 33. Kc5 Ra5+ 34. Kd4 R5a4+ 35. Kc5 Ra5+ 36.
Kd6 Rd3+ 37. Ke7 Rxd7+ 38. Kxd7 Rxa2 39. Rg1 Re2 40. h4 h5 41. g3 Re4 42. Kd6 Re3 43.
Kd5 f5 44. Kd4 Re4+ 45. Kd3 Kf6 46. Ra1 Rg4 47. Ra6+ Kg7 48. Ke2 Rxg3 49. Kf2 Rg4 50. Ra7+ Kh6 51. Kf3 Rxh4 52. Ra8 Rg4 53. Rh8+ Kg5 54.
Ra8 h4 55. Rc8 Rg3+ 56. Kf2 Kg4 57. Rh8 g5 58. Rh7 f4 59. Rh6 h3 60. Rh7 Rg2+ 61. Kf1 f3 62. Rh8 h2 63. Rh7 Rg1+ 64. Kf2 h1=Q 65.
Rxh1 Rxh1 66. Ke3 Rh2 67. Ke4 Re2+ 68. Kd5 f2 69. Kc5 f1=Q 70. Kc6 Qd1 71. Kb5 Rc2 72.
Kb6 Qb1+ 73. Ka5 Ra2# 0-1

[Event "Early-Titled-Tuesday-Blitz-September-26-2023"]
[Site "Chess.com"]
[Date "2023.09.26"]
[Round "7"]
[White "ChessArchitect64"]
[Black "Alenzer"]
[Result "0-1"]
[WhiteElo "2236"]
[BlackElo "2120"]
[TimeControl "180+1"]
[EndTime "9:19:54 PDT"]
[Termination "Alenzer won by checkmate"]

1. d4 d5 2. c4 dxc4 3. e3 Nf6 4.
Bxc4 e6 5. Nc3 a6 6. a4 Nbd7 7. Nf3 c5 8. O-O Be7 9. a5 O-O 10. e4 cxd4 11. Nxd4 b5 12. axb6 Nxb6 13. Be2 Bb7 14. e5 Nfd5 15. Nxd5 Nxd5 16. Bd2 Qb6 17.
Ba5 Qa7 18. Bd3 g6 19. Nf3 Nf4 20. Be2 Bc5 21. Qd2 Nxe2+ 22. Qxe2 Bb6 23. Bb4 Rfc8 24. h4 Bc5 25. Bc3 Rd8 26. Rfd1 Qb6 27. h5 Rxd1+ 28. Rxd1 Rd8 29. Rxd8+ Qxd8 30. h6 Bf8 31. Qe3 Qd5 32.
Bd2 a5 33. Qf4 a4 34. Kh2 Bc6 35. Qf6 Qe4 36. Be3 Qg4 37. Bf4 Qh5+ 38. Kg1 Qg4 39. Be3 a3 40. Kf1 axb2 41. Nd2 b1=Q+ 42. Nxb1 Qd1# 0-1

[Event "Early-Titled-Tuesday-Blitz-September-26-2023"]
[Site "Chess.com"]
[Date "2023.09.26"]
[Round "7"]
[White "vugarrasulov"]
[Black "Denis_Makhnyov"]
[Result "1-0"]
[WhiteElo "2961"]
[BlackElo "2927"]
[TimeControl "180+1"]
[EndTime "9:19:55 PDT"]
[Termination "vugarrasulov won on time"]

1. d4 d5 2. c4 e6 3. Nf3 c6 4. g3 dxc4 5. Bg2 b5 6. O-O Nf6 7. Ne5 Bb7 8. b3 cxb3 9. Qxb3 a6 10. Bb2 Be7 11. a4 O-O 12. Rc1 Nd5 13. Nd2 a5 14. Ne4 b4 15. Nc5 Bxc5 16. dxc5 Na6 17. e4 Nf6 18. Qe3 Qe7 19. Bf1 Rfd8 20. h3 Nd7 21. Nxd7 Rxd7 22. Be5 Qe8 23. Bd6 e5 24. f4 f6 25. f5 Nc7 26. Bc4+ Kh8 27. Rd1 Ba6 28.
Bb3 Qd8 29. Be6 Qe8 30. Bxd7 Qxd7 31. Bxc7 Qxc7 32. Rd6 h6 33. Rad1 Qf7 34. Rxc6 Qh5 35. g4 Qh4 36. Kg2 h5 37. Qg3 Qg5 38. h4 Qxg4 39. Qxg4 hxg4 40. Rb6 Be2 41. Re1 Bf3+ 42. Kg3 Rc8 43. c6 Rc7 44. Kf2 Kh7 45. Ke3 Kh6 46. Rc1 Kh5 47. Rb7 Rc8 48. c7 Kxh4 49. Rb8 Rxc7 50.
Rxc7 Kg3 51. Rxg7 Kg2 52. Rb5 1-0

[Event "Early-Titled-Tuesday-Blitz-September-26-2023"]
[Site "Chess.com"]
[Date "2023.09.26"]
[Round "7"]
[White "MKlose11"]
[Black "C_K_G"]
[Result "1-0"]
[WhiteElo "2610"]
[BlackElo "1921"]
[TimeControl "180+1"]
[EndTime "9:19:56 PDT"]
[Termination "MKlose11 won on time"]

1. e4 c5 2. Nc3 d6 3. g3 Nf6 4.
Bg2 Nc6 5. d3 e6 6. f4 a6 7. Nf3 Qc7 8. O-O Be7 9. h3 h5 10. Be3 b5 11. a3 Bb7 12. Qe2 d5 13. e5 Nd7 14. d4 cxd4 15. Nxd4 Nxd4 16. Bxd4 Bc5 17. Qe3 Bxd4 18. Qxd4 Qc5 19. Rad1 Rc8 20. Rf2 Qxd4 21. Rxd4 g6 22. Rfd2 Nb6 23. Bf1 Ke7 24.
Nd1 Rc7 25. Ne3 Rhc8 26. c3 Na4 27. Kf2 Nc5 28. Rd1 Na4 29. Rb1 Rc5 30. Bd3 a5 31.
Bc2 Nb6 32. g4 hxg4 33. hxg4 Nc4 34. Ng2 Ba6 35. Bd3 Rb8 36. Ke2 b4 37. axb4 axb4 38.
b3 Na3 39. cxb4 Rc3 40. Rd1 Rxd3 41. R1xd3 Nc2 42. Kd2 Nxb4 43. Rc3 Rb7 44. Ne3 Na2 45. Rc6 Bb5 46. Rc5 Bd7 47. Ra5 Nb4 48. f5 gxf5 49.
gxf5 Nc6 50. f6+ Kd8 51. Ra8+ Kc7 52. Rh4 1-0

[Event "Early-Titled-Tuesday-Blitz-September-26-2023"]
[Site "Chess.com"]
[Date "2023.09.26"]
[Round "7"]
[White "IngOscarArdila"]
[Black "vladgoncharov"]
[Result "0-1"]
[WhiteElo "2386"]
[BlackElo "2523"]
[TimeControl "180+1"]
[EndTime "9:19:56 PDT"]
[Termination "vladgoncharov won by resignation"]

1. d4 Nf6 2. c3 g6 3. Nf3 Bg7 4. Nbd2 d5 5. e3 O-O 6. Bd3 c5 7. O-O Qc7 8. b3 Bg4 9. h3 Bxf3 10. Qxf3 cxd4 11. cxd4 Qc3 12. Ba3 Qxd3 13. Bxe7 Qxd2 14. Bxf6 Bxf6 15. Qxf6 Nc6 16. Rfd1 Qc2 17. Rdc1 Qe4 18.
a3 Qe6 19. Qf4 Rac8 20. b4 Kg7 21. g4 f5 22. g5 Rf7 23. b5 Na5 24. Rxc8 Qxc8 25. Qe5+ Kg8 26. Qxd5 b6 27. h4 Qd7 28. Qe5 Qc7 29. Qe6 Kg7 30. h5 gxh5 31. Qh6+ Kg8 32. Kg2 Qc4 33. Qxh5 Qd5+ 34. Kh2 f4 35. Rc1 Qd7 36.
e4 Nb3 37. Rc6 Nxd4 38. Rh6 Rg7 39. Rf6 Ne6 40. Qg4 Nxg5 41. Qxd7 Nf3+ 42. Kh3 Rxd7 43. Rxf4 Nd4 44. Kg4 Nxb5 45. Kh5 Kg7 46. e5 Re7 47. Rg4+ Kf7 48. f4 Nxa3 49. Kh6 Ke6 50. Rg1 Nc4 51. Ra1 a5 52. Rc1 b5 53. Rb1 b4 54. Rc1 Rc7 55.
Kg5 b3 56. f5+ Kxe5 57. Re1+ Kd4 58. f6 b2 59. Re7 Rc8 60. f7 b1=Q 61. Re8 Qg6+ 62. Kh4 Qxf7 63. Rxc8 Qf6+ 64. Kh3 Qf5+ 0-1

[Event "Early-Titled-Tuesday-Blitz-September-26-2023"]
[Site "Chess.com"]
[Date "2023.09.26"]
[Round "7"]
[White "amanmuhammethommadov"]
[Black "verrbaa"]
[Result "1-0"]
[WhiteElo "2598"]
[BlackElo "2425"]
[TimeControl "180+1"]
[EndTime "9:19:57 PDT"]
[Termination "amanmuhammethommadov won by resignation"]

1. e4 e5 2. Nf3 Nc6 3. Bb5 a6 4. Ba4 Nf6 5. O-O Be7 6. Re1 d6 7. d4 Bd7 8. Nc3 exd4 9. Nxd4 Nxd4 10. Qxd4 O-O 11. Bb3 b5 12. a3 c5 13. Qd1 c4 14.
Ba2 Be6 15. Bf4 Rc8 16. Qf3 Re8 17. Rad1 Qb6 18. h3 Bf8 19. Ne2 Nd7 20. c3 Nc5 21. Bb1 g6 22. Nd4 Bd7 23. Qg3 Rcd8 24. Nf3 Bc8 25.
Qh4 Bb7 26. Ng5 h6 27. Nf3 Bxe4 28. Bxh6 Bxh6 29. Qxh6 Bxf3 30. gxf3 Rxe1+ 31. Rxe1 Nd3 32. Bxd3 cxd3 33. Qe3 Qxe3 34. fxe3 Re8 35. Kf2 Re5 36. Rd1 Rh5 37. Kg3 Rg5+ 38. Kh2 Rf5 39. f4 g5 40. Kg3 gxf4+ 41. exf4 Rd5 42. Kf3 Kg7 43. Ke4 Rh5 44. Rxd3 d5+ 45. Rxd5 Rxh3 46. Rd2 Kf6 47. Kd5 Rf3 48.
Kc5 Rxf4 49. Kb6 Kg5 50. Kxa6 f5 51. Kxb5 Rf1 52. a4 f4 53. a5 f3 54. Rd8 f2 55.
Rf8 Kg4 56. b4 Kg3 57. a6 Ra1 58. Kb6 f1=Q 59. Rxf1 Rxf1 60. b5 Kf4 61. a7 Ra1 62. Kb7 Ke5 63. a8=Q Rxa8 64. Kxa8 1-0

[Event "Early-Titled-Tuesday-Blitz-September-26-2023"]
[Site "Chess.com"]
[Date "2023.09.26"]
[Round "7"]
[White "artin10862"]
[Black "astralpulse"]
[Result "1-0"]
[WhiteElo "2895"]
[BlackElo "2657"]
[TimeControl "180+1"]
[EndTime "9:19:58 PDT"]
[Termination "artin10862 won by resignation"]

1. c4 e6 2. d4 d5 3. Nc3 Nf6 4. Nf3 Be7 5. Bf4 c5 6. e3 cxd4 7. exd4 O-O 8. c5 b6 9. b4 a5 10. a3 Ne4 11. Nb5 axb4 12. axb4 Rxa1 13. Qxa1 Nc6 14. Bc7 Qd7 15. Bxb6 Nxb4 16. Qa4 Nc6 17. Bd3 e5 18. O-O Bf6 19. Nc7 exd4 20. Qa8 Nb4 21. Bb5 Qf5 22. Qa4 Qg6 23. Qxb4 Bh3 24. g3 Bxf1 25. Bxf1 Nc3 26. c6 Qe4 27. Kg2 g5 28. h3 h5 29. Bxd4 g4 30. hxg4 hxg4 31. Bxc3 Qxf3+ 32. Kg1 Qxc3 33. Qxg4+ Bg7 34. Nxd5 Qe5 35.
Qf3 Rc8 36. Bb5 Qd6 37. Kg2 Kf8 38. Qf5 Qe6 39. Qf3 Rd8 40. Nb6 Qd6 41. Nd7+ Kg8 42.
Qf5 Re8 43. Qf3 Qc7 44. Bc4 Re7 45. Qd5 Qd8 46. Qd6 Re6 47. Bxe6 fxe6 48. Qxe6+ Kh8 49. Qh3+ Kg8 50. Qf5 Qe7 51. Qd5+ Kh7 52. c7 Qe8 53. Nb6 1-0

[Event "Early-Titled-Tuesday-Blitz-September-26-2023"]
[Site "Chess.com"]
[Date "2023.09.26"]
[Round "7"]
[White "GMTalks_Youtube"]
[Black "TheRigos"]
[Result "0-1"]
[WhiteElo "2725"]
[BlackElo "2598"]
[TimeControl "180+1"]
[EndTime "9:19:58 PDT"]
[Termination "TheRigos won by checkmate"]

1. e4 e5 2. Nf3 Nc6 3. Bc4 Be7 4. O-O Nf6 5. d3 O-O 6. Re1 d6 7. a4 a5 8. h3 h6 9. c3 Be6 10. Nbd2 Nd7 11. Qe2 Bf6 12. Bxe6 fxe6 13. Nf1 Qe8 14. N1h2 Qg6 15. Ng4 Be7 16. d4 h5 17. Ngh2 exd4 18.
Nxd4 Nxd4 19. cxd4 e5 20. Qc4+ Qf7 21. Qxf7+ Rxf7 22. Be3 exd4 23. Bxd4 Bf6 24. Bxf6 Rxf6 25. Nf3 Re8 26. Nd4 Nc5 27. f3 g6 28. b3 Rf7 29.
Re3 Kg7 30. Rae1 Kf6 31. h4 c6 32. g3 Rfe7 33. Kf2 d5 34. exd5 Nd3+ 35. Rxd3 Rxe1 36. dxc6 bxc6 37. Rc3 Rd1 38. Rxc6+ Kf7 39. Rc7+ Kf6 40. Rc6+ Ke5 41. Ne2 Kd5 42. Rc2 Kd6 43. Nf4 Rb1 44. Rd2+ Kc5 45. Rd5+ Kb4 46. Rb5+ Ka3 47. g4 Rxb3 48.
Rxa5 Ree3 49. Nxg6 Rxf3+ 50. Ke2 hxg4 51. Rg5 Rb2+ 52. Ke1 Rc3 53. Rd5 Rh3 54. Rd1 Rh1# 0-1

[Event "Early-Titled-Tuesday-Blitz-September-26-2023"]
[Site "Chess.com"]
[Date "2023.09.26"]
[Round "7"]
[White "DTChess"]
[Black "SargissyanSargis"]
[Result "1-0"]
[WhiteElo "2598"]
[BlackElo "2425"]
[TimeControl "180+1"]
[EndTime "9:19:58 PDT"]
[Termination "DTChess won on time"]

1. e4 e5 2. Nf3 Nc6 3. Bb5 a6 4. Ba4 Nf6 5. O-O Be7 6. Re1 b5 7. Bb3 d6 8. c3 O-O 9. h3 Bb7 10. d4 Re8 11. Nbd2 h6 12. Bc2 Bf8 13. d5 Ne7 14. b3 c6 15. c4 cxd5 16. cxd5 Nexd5 17. exd5 Nxd5 18. Bb2 Rc8 19. Be4 Qb6 20. Nf1 Nf4 21.
Bxb7 Qxb7 22. Ng3 f6 23. Bc1 Ne6 24. Nf5 d5 25. Nh2 d4 26. Qg4 Kh7 27. Nh4 g5 28. Qf5+ Kh8 29. Qxf6+ Bg7 30. Ng6+ Kg8 31. Qf5 d3 32.
Be3 e4 33. Rac1 Qf7 34. g4 Bb2 35. Rxc8 Rxc8 36. Qxe4 Rd8 37. Ne5 Qf6 38. Nxd3 Bc3 39. Rd1 Nd4 40. Kg2 b4 41. Nf3 Ne6 42. h4 Rf8 43.
hxg5 hxg5 44. Rh1 Rf7 45. Qa8+ Rf8 46. Qe4 Rf7 47. Nde5 Bxe5 48. Nxe5 Re7 49. Qa8+ Nf8 50. Nf3 Rf7 51. Bxg5 Qe6 52. Bh4 Qxg4+ 53. Bg3 Rg7 54. Qd5+ Rf7 55. Qxf7+ Kxf7 56. Ne5+ 1-0

[Event "Early-Titled-Tuesday-Blitz-September-26-2023"]
[Site "Chess.com"]
[Date "2023.09.26"]
[Round "7"]
[White "EvgenyBurmakin"]
[Black "a-z30"]
[Result "1-0"]
[WhiteElo "2336"]
[BlackElo "2512"]
[TimeControl "180+1"]
[EndTime "9:19:59 PDT"]
[Termination "EvgenyBurmakin won by checkmate"]

1. e4 d6 2. d4 Nf6 3. Nc3 g6 4. Be3 Bg7 5. f3 O-O 6. Qd2 e5 7. Nge2 Nc6 8. O-O-O exd4 9. Nxd4 Nxd4 10. Bxd4 Be6 11.
Kb1 c5 12. Be3 b5 13. Qxd6 Qa5 14. Qxc5 Nd7 15. Qxb5 Bxc3 16. Qxa5 Bxa5 17. Bb5 Ne5 18. Bd4 f6 19. b3 Bb6 20. Bb2 Rfd8 21. a4 a5 22. Bc3 Rxd1+ 23. Rxd1 Rd8 24. Rxd8+ Bxd8 25. Kc1 Kf7 26. Kd2 g5 27. Ke3 h5 28. Bd4 Nd7 29. Bc6 Bb6 30. Bxb6 Nxb6 31. Kd4 Ke7 32. Kc5 Nd7+ 33. Kb5 Ne5 34. Bb7 h4 35. Kxa5 Kd6 36.
c4 h3 37. gxh3 Nxf3 38. Kb6 Ne5 39. c5+ Ke7 40. b4 Nd7+ 41. Kc7 Ne5 42. c6 Nc4 43. b5 f5 44. exf5 Bxf5 45. Bc8 Bxh3 46. Bxh3 Nb2 47.
Bf1 Nc4 48. b6 Ne5 49. b7 Nxc6 50. b8=Q Nxb8 51. Kxb8 Kf6 52. a5 Ke5 53. a6 Kf4 54. a7 Ke3 55. a8=Q Kf2 56. Qg2+ Ke1 57.
Qe2# 1-0

[Event "Early-Titled-Tuesday-Blitz-September-26-2023"]
[Site "Chess.com"]
[Date "2023.09.26"]
[Round "7"]
[White "MidnightFox"]
[Black "profedechess93"]
[Result "1-0"]
[WhiteElo "2469"]
[BlackElo "2658"]
[TimeControl "180+1"]
[EndTime "9:20:00 PDT"]
[Termination "MidnightFox won by resignation"]

1. d4 d5 2. c4 c6 3. Nf3 Nf6 4. Nc3 dxc4 5. e4 b5 6. e5 Nd5 7. a4 e6 8. axb5 Nxc3 9. bxc3 cxb5 10. Ng5 Bb7 11. Qh5 g6 12. Qg4 Be7 13. h4 h6 14. Ne4 h5 15. Qf4 Bxe4 16. Qxe4 Qd5 17.
Qf4 Nc6 18. Be2 a5 19. Bf3 Qd7 20. Be3 Rd8 21. O-O b4 22. cxb4 axb4 23. Rfd1 O-O 24. d5 exd5 25. Bxd5 Qc7 26. Qxc4 Rc8 27. e6 Ne5 28. exf7+ Kh7 29. Qf4 Ng4 30. Be6 Qxf4 31. Bxf4 Rc6 32. Bd5 Rf6 33. Bg5 R6xf7 34. Bxf7 Rxf7 35.
Ra7 Bxg5 36. Rxf7+ Kg8 37. Rb7 Bxh4 38. g3 Bf6 39.
Rxb4 Ne5 40. Rd6 Be7 41. Rb8+ Kf7 42. Ra6 h4 43. Rb7 Ke8 44. Re6 Nf3+ 45. Kg2 h3+ 46. Kh1 Ng5 47. Rexe7+ Kd8 48. Rg7 Kc8 49. Ra7 Kb8 50.
Rab7+ Kc8 51. Rbc7+ Kd8 52. Ra7 1-0

[Event "Early-Titled-Tuesday-Blitz-September-26-2023"]
[Site "Chess.com"]
[Date "2023.09.26"]
[Round "7"]
[White "vishwa_vijeta"]
[Black "Mikasinski"]
[Result "0-1"]
[WhiteElo "2542"]
[BlackElo "2704"]
[TimeControl "180+1"]
[EndTime "9:20:03 PDT"]
[Termination "Mikasinski won by checkmate"]

1. e4 c5 2. Nf3 d6 3. d4 cxd4 4. Nxd4 Nf6 5. Nc3 g6 6. Bg5 Bg7 7. Bb5+ Bd7 8. O-O O-O 9. Qe2 Nc6 10. Rad1 Qb6 11. Bxc6 Bxc6 12. Nxc6 bxc6 13. b3 Qa5 14. Bd2 Qc5 15. Na4 Qxc2 16. f3 Qxa2 17. Qd3 Rab8 18. Rb1 Nd7 19. Bc3 Ne5 20. Qd1 Rb5 21. f4 Nc4 22. Rf2 Qa3 23. Bxg7 Kxg7 24. Qd4+ Ne5 25. fxe5 dxe5 26. Qxa7 Rxb3 27. Rxb3 Qxb3 28. Nc5 Qd1+ 29. Rf1 Qd4+ 30. Kh1 Qc4 31. Kg1 Re8 32. Nd7 Qxe4 33. Qf2 f6 34. h3 Qd4 35. Qxd4 exd4 36. Nc5 e5 37. Rb1 e4 38. Rb7+ Kh6 39. Rd7 d3 40.
Kf1 f5 41. Rd6 Ra8 42. Rxc6 Ra1+ 43. Kf2 Ra2+ 44. Ke3 Re2+ 45. Kf4 Rxg2 46. Ne6 Rf2+ 47. Ke5 d2 48. Rd6 e3 49. Nf4 Rxf4 50. Kxf4 e2 51.
Rd3 d1=Q 52. h4 Qxd3 53. h5 e1=Q 54. hxg6 Qeg3# 0-1

[Event "Early-Titled-Tuesday-Blitz-September-26-2023"]
[Site "Chess.com"]
[Date "2023.09.26"]
[Round "7"]
[White "HSH1987"]
[Black "Flaccidmoves"]
[Result "0-1"]
[WhiteElo "2620"]
[BlackElo "2466"]
[TimeControl "180+1"]
[EndTime "9:20:03 PDT"]
[Termination "Flaccidmoves won on time"]

1. Nf3 d5 2. g3 Nf6 3. Bg2 Bf5 4. O-O c6 5. b3 Nbd7 6. Bb2 e6 7. d3 Bc5 8. Nbd2 O-O 9. Qe1 h6 10. e4 dxe4 11.
dxe4 Bh7 12. Qe2 a5 13. a4 Qe7 14. Rfd1 Rfd8 15. e5 Ng4 16. Rf1 Bxc2 17. h3 Nxf2 18. Rxf2 Nb6 19. Kh2 Bd3 20. Qe1 Nd5 21. Re2 Nb4 22.
Rd1 Nc2 23. Qf1 Ne3 24. Qe1 Nxd1 25. Qxd1 Bxe2 26. Qxe2 Rd7 27. Ne4 Rad8 28. Nfd2 Bd4 29. Bxd4 Rxd4 30. Nc4 Qb4 31. Ned6 Rd7 32. Qf2 Rd1 33. Nb6 R1xd6 34. exd6 Rxd6 35. Nc4 Rd7 36. Ne5 Re7 37. Qe3 Re8 38. h4 Rd8 39. Qf3 Qe7 40. Qc3 Qc7 41. Nc4 b6 42. Ne5 c5 43. Nc4 Rd4 44. Qf3 Rxh4+ 45. Kg1 Rd4 46. Qe3 Rd8 47. Kh2 Qd7 48. Qf3 Qc7 49. Qe4 Rd4 50. Qf3 f6 51. Qe3 e5 52. Qf3 Qd7 53. Bh3 Qd8 54.
Bf5 Rd1 55. Qh5 Rd2+ 0-1

[Event "Early-Titled-Tuesday-Blitz-September-26-2023"]
[Site "Chess.com"]
[Date "2023.09.26"]
[Round "7"]
[White "Sinquefield"]
[Black "SaqoChess_Twitch"]
[Result "1-0"]
[WhiteElo "2557"]
[BlackElo "2664"]
[TimeControl "180+1"]
[EndTime "9:20:05 PDT"]
[Termination "Sinquefield won by checkmate"]

1. d4 d5 2. Nf3 Nf6 3. c3 c5 4. dxc5 Nc6 5. b4 a6 6. g3 e5 7. Bg2 Be7 8. O-O O-O 9. a4 Qc7 10. Bb2 Rd8 11. Nbd2 a5 12. b5 Nb8 13. b6 Qxc5 14. Ba3 Qxa3 15. Rxa3 Bxa3 16. Nxe5 Bc5 17. Qb3 Ra6 18. Ndf3 Rxb6 19. Qc2 g6 20. Nd4 Nc6 21.
Nexc6 bxc6 22. h3 h5 23. Qd2 Kg7 24. Qf4 Bd6 25. Qe3 Nd7 26. c4 c5 27. Nb5 d4 28.
Qd2 Be5 29. Qxa5 Re8 30. Qd2 Ra6 31. a5 Bb8 32. Rb1 Nf6 33. Nxd4 Bc7 34. Nc6 Bd7 35. Rb7 Bxc6 36. Rxc7 Bxg2 37. Kxg2 Rea8 38. g4 hxg4 39. hxg4 Rxa5 40. g5 Ne4 41. Qf4 Nxg5 42. Qxg5 Rf8 43. Rxc5 Ra6 44. Qe5+ Kg8 45. Rc7 Re6 46.
Qd5 Rxe2 47. Rd7 Re6 48. c5 Rc8 49. Rd8+ Rxd8 50. Qxd8+ Kg7 51. Qd7 g5 52. c6 Rxc6 53.
Qxc6 f6 54. Qd7+ Kg6 55. Kg3 f5 56. f4 g4 57. Qe6+ Kh5 58. Qxf5+ Kh6 59. Qxg4 Kh7 60. f5 Kh8 61. f6 Kh7 62. f7 Kh8 63. f8=Q+ Kh7 64.
Qfg7# 1-0

[Event "Early-Titled-Tuesday-Blitz-September-26-2023"]
[Site "Chess.com"]
[Date "2023.09.26"]
[Round "7"]
[White "Bodhanas"]
[Black "Alphafischer2019"]
[Result "0-1"]
[WhiteElo "2053"]
[BlackElo "2591"]
[TimeControl "180+1"]
[EndTime "9:20:06 PDT"]
[Termination "Alphafischer2019 won by checkmate"]

1. d4 Nf6 2. Nf3 g6 3. g3 Bg7 4. Bg2 O-O 5. O-O d5 6. c3 Bf5 7.
Bf4 c5 8. Ne5 cxd4 9. cxd4 Nc6 10. Nc3 Rc8 11. Nxc6 bxc6 12. Qd2 Nd7 13. Bh6 Qb6 14.
Bxg7 Kxg7 15. Rac1 Rfe8 16. Na4 Qa6 17. b3 e5 18. e3 h5 19. Nc5 Nxc5 20. Rxc5 h4 21. h3 e4 22. g4 Bd7 23. Rfc1 Re6 24. Qa5 Qb7 25. b4 f5 26. g5 a6 27. Bf1 Ra8 28.
Rxd5 cxd5 29. Rc7 Qc6 30. Rxc6 Bxc6 31. Qc7+ Kf8 32. Qh7 Be8 33. Qxh4 Ke7 34. Qf4 Rc8 35. h4 Rc1 36. Kg2 Rc8 37. Be2 Bd7 38. h5 gxh5 39.
Bxh5 Rg8 40. g6 Rf6 41. Qe5+ Be6 42. Qc7+ Bd7 43. Qc5+ Rd6 44. a4 Ke6 45. b5 axb5 46. axb5 Bc8 47. b6 Bd7 48. b7 Rc6 49. Qa7 Rh8 50.
b8=Q Rxh5 51. Qc8 Rxc8 52. Qa6+ Rc6 53. Qb7 Rg5+ 54. Kh3 Rxg6 55. Qb4 Rc8 56. Qb6+ Bc6 57. Qc5 Rh8# 0-1